 Dungeon Crawl Stone Soup version 0.25.0-11-g1f837a76a1 (webtiles) character file.

Game seed: 14104561093699549595

48 Esekla the Grave Robber (level 3, -2/26 HPs)
             Began as a Barachi Necromancer on June 28, 2020.
             Was an Initiate of Ashenzari.
             Slain by a goblin
             ... wielding a +0 club
             ... led by Robin
              (7 damage)
             ... on level 2 of the Dungeon.
             The game lasted 00:08:42 (2125 turns).

Esekla the Grave Robber (Barachi Necromancer)       Turns: 2125, Time: 00:08:43

Health: -2/26      AC:  2    Str:  9    XL:     3   Next: 72%
Magic:  1/7        EV: 13    Int: 16    God:    Ashenzari [......]
Gold:   68         SH:  0    Dex: 12    Spells: 3/7 levels left

rFire    . . .     SeeInvis .   d - +0 short sword (venom)
rCold    . . .     Gourm    .   (no shield)
rNeg     . . .     Faith    .   a - +0 robe
rPois    .         Spirit   .   (no helmet)
rElec    .         Reflect  .   (no cloak)
rCorr    .         Harm     .   (no gloves)
MR       .....                  (no boots)
Stlth    ++........             (no amulet)
HPRegen  0.08/turn              (no ring)
MPRegen  0.10/turn              (no ring)

@: slow
A: +LOS, swims, slowness 1, strong legs 1
a: Hop, Curse Item, Renounce Religion


You were on level 2 of the Dungeon.
You worshipped Ashenzari.
Ashenzari was noncommittal.
You were hungry.

You visited 1 branch of the dungeon, and saw 2 of its levels.

You collected 68 gold pieces.

Inventory:

Hand Weapons
 d - a +0 short sword of venom (weapon)
 g - a +2 hand axe of flaming
 i - a +0 spear
Missiles
 f - 10 poisoned darts (quivered)
 h - 8 javelins
Armour
 a - a +0 robe (worn)
Scrolls
 b - a scroll of noise {unknown}
 e - a scroll of identify {unknown}
 l - a scroll of remove curse
Comestibles
 c - 5 rations


   Skills:
 * Level 1.6 Fighting
 + Level 1.2 Short Blades
 * Level 3.0 Dodging
 - Level 1.7 Stealth
 * Level 2.7 Spellcasting
 + Level 3.6 Necromancy


You had 3 spell levels left.
You knew the following spells:

 Your Spells              Type           Power        Failure   Level  Hunger
a - Pain                  Necr           ##..         4%          1    #......
d - Vampiric Draining     Necr           ##........   13%         3    ###....

Your spell library contained the following spells:

 Spells                   Type           Power        Failure   Level  Hunger
 Animate Skeleton         Necr           N/A          4%          1    #......
 Animate Dead             Necr           N/A          38%         4    #####..
 Agony                    Necr           ##......     75%         5    ######.


Dungeon Overview and Level Annotations

Branches:
Dungeon (2/15)

Altars:
Ashenzari

Annotations:
D:2 Robin


Innate Abilities, Weirdness & Mutations

You can be seen from farther away. (+LOS)
You can swim through water.
You cover ground slowly.
You can hop short distances.


Message History

Confirm with . or Enter, or press ? or * to list all spells.
The spell is quite dangerous to cast (13% risk of failure)!
Continue anyway?
Aiming: Vampiric Draining (quite dangerous; 13% risk of failure)
Press: ? - help, Shift-Dir - straight line, f - goblin
Aim: a goblin (strong)
You kill the goblin!
You feel life coursing into your body.
You are feeling hungry.
The hobgoblin no longer looks unusually strong.
Casting: Vampiric Draining (quite dangerous; 13% risk of failure)
Confirm with . or Enter, or press ? or * to list all spells.
The spell is quite dangerous to cast (13% risk of failure)!
Continue anyway?
Aiming: Vampiric Draining (quite dangerous; 13% risk of failure)
Press: ? - help, Shift-Dir - straight line, f - goblin
Aim: a goblin, wielding a +0 club You kill the goblin!
You feel life coursing into your body. Robin throws the goblin at you!
* * * LOW HITPOINT WARNING * * *
You barely miss the goblin. The goblin hits you with a +0 club!
You die...

##.##########.# #.# #.# ###.# #.#
#.# #...# ##.## ##'## #.###
##...## #...## #.# #.....#
.....## #.## ##...## ......##
#..## ####..##
.......####...########......####g
.......'.......g@)Jg.†g...†....)g
.......####...########.##...####g
......## #.......# #.#....#
.....## #.#.....# #.#.##.# #...##
#.......# #.#. #.# ##'##
###<....# #... ..# #.#
#######.....# ###. ###
#.####.....###.### #.
##.#.........##.# #.


You could see Robin, an ooze, a hobgoblin and a goblin.

Vanquished Creatures
  2 adders (D:2)
  A giant cockroach (D:1)
  12 goblins
  4 hobgoblins
  2 kobolds (D:1)
  A quokka (D:2)
  A bat (D:1)
  5 frilled lizards
  2 rats
30 creatures vanquished.

Notes
Turn   | Place    | Note
-------+----------+-------------------------------------------
     0 | D:1      | Esekla the Barachi Necromancer began the quest for the Orb.
     0 | D:1      | Reached XP level 1. HP: 13/13 MP: 3/3
   138 | D:1      | Found a shattered altar of Ashenzari.
   146 | D:1      | Became a worshipper of Ashenzari the Shackled
   462 | D:1      | Reached XP level 2. HP: 16/20 MP: 5/5
   551 | D:1      | Reached skill level 1 in Fighting
  1626 | D:2      | Reached skill level 1 in Short Blades
  1626 | D:2      | Reached XP level 3. HP: 3/26 MP: 3/6
  1628 | D:2      | HP: 1/26 [poisoned by an adder]
  1916 | D:2      | Learned a level 3 spell: Vampiric Draining
  2091 | D:2      | Noticed Robin
  2125 | D:2      | Slain by a goblin

Illustrated notes

Levels and vault maps discovered:
D:1:      ncdulo_smallfort, layout_basic, evilmike_ruin_ashenzari
D:2:      layout_loops_corners, uniq_robin

Skill      XL: |  1  2  3 |
---------------+----------+-----
Fighting       | 1 |  1.6
Short Blades   | 1 |  1.2
Dodging        | 3 |  3.0
Stealth        | |  1.7
Spellcasting   | |  2.7
Necromancy     | |  3.6

Action                   || total
-------------------------++-------
Melee: Short sword       ||    85
       Hand axe          ||     1
 Cast: Pain              ||     2
       Vampiric Draining ||     2
  Use: Potion            ||     3
 Stab: Sleeping          ||     1
  Eat: Chunk             ||     4
Armor: Robe              ||     9
Dodge: Dodged            ||    51
